 Dungeon Crawl Stone Soup version 0.32-a0-576-g706899e69d (webtiles) character file.

Game seed: 7174648573451394717

1090 Malificent the Grasshopper (level 8, -10/78 HPs)
             Began as an Oni Warper on Mar 1, 2024.
             Was a Follower of Beogh.
             Mangled by an ogre
             ... wielding a +6 great mace
              (33 damage)
             ... on level 4 of the Dungeon.
             The game lasted 00:17:34 (3070 turns).

Malificent the Grasshopper (Oni Warper)             Turns: 3070, Time: 00:17:35

Health: -10/78     AC:  5    Str: 24 (25) XL:     8   Next: 31%
Magic:  10/14      EV: 10    Int: 15 (16) God:    Beogh [*.....]
Gold:   1285       SH:  5    Dex:  7 (8)  Spells: 9/15 levels left

rFire   + + .        f - +1 war axe (elec)
rCold   + . .        (no shield)
rNeg    . . .        b - +0 robe
rPois   +            (helmet restricted)
rElec   +            m - +1 cloak "Godon" {rF+ Str+3}
rCorr   +            (gloves unavailable)
SInv    .            (boots unavailable)
Will    +....        t - amulet of reflection
Stlth   +            g - +6 ring of strength
HPRegen 0.33/turn    (no ring)
MPRegen 0.14/turn

%: reflection
@: mighty, brilliant, resistant, enlightened, flying
A: large, unfitting armour, horns 1, tough skin 1, double potion healing,
drunken brawling
a: Renounce Religion


You were on level 4 of the Dungeon.
You worshipped Beogh.
Beogh was aware of your devotion.
You visited 1 branch of the dungeon, and saw 4 of its levels.
You also visited: Ossuary.

You collected 1327 gold pieces.
You spent 42 gold pieces at shops.

Inventory:

Hand Weapons
 a - a +0 mace
 c - a +0 giant club
 f - a +1 war axe of electrocution (weapon)
Missiles
 d - 7 darts of dispersal
 n - an atropa-tipped dart (quivered)
 q - 13 poisoned darts
Armour
 b - a +0 robe (worn)
 m - the +1 cloak "Godon" (worn) {rF+ Str+3}
   (You acquired it on level 4 of the Dungeon)

   Str+3:     It affects your strength (+3).
   rF+:       It protects you from fire.
Jewellery
 g - a +6 ring of strength (left hand)
 t - an amulet of reflection (around neck)
Talismans
 e - a dragon-blood talisman
 l - a blade talisman
Scrolls
 j - a scroll of butterflies
 o - a scroll of vulnerability {unknown}
 v - a scroll of amnesia {unknown}
Potions
 i - 2 potions of heal wounds {unknown}
 k - 2 potions of lignification
 p - a potion of degeneration
 r - a potion of enlightenment
 u - a potion of brilliance
 w - a potion of resistance
 x - a potion of might


   Skills:
 + Level 4.1 Fighting
 + Level 4.7(4.9) Axes
 + Level 2.1(3.7) Maces & Flails
 * Level 2.6 Throwing
 + Level 3.2 Dodging
 + Level 0.5 Stealth
 + Level 1.5 Shields
 * Level 4.3 Spellcasting
 * Level 4.7 Translocations
 * Level 3.0 Invocations


You had 9 spell levels left.
You knew the following spells:

 Your Spells              Type           Power      Damage    Failure   Level
a - Blink                 Tloc           52%        N/A       3%          2
b - Manifold Assault      Tloc           26%        N/A       24%         4

Your spell library contained the following spells:

 Spells                   Type           Power      Damage    Failure   Level
 Lesser Beckoning         Tloc           52%        N/A       3%          2
 Teleport Other           Tloc           26%        N/A       8%          3
 Sandblast                Erth           8%         2d5       17%         1
 Mercury Vapours          Alch/Air       8%         N/A       26%         2
 Fugue of the Fallen      Necr           4%         N/A       45%         3
 Mephitic Cloud           Conj/Alch/Air  4%         N/A       45%         3
 Ozocubu's Armour         Ice            4%         N/A       45%         3
 Passwall                 Erth           4%         N/A       45%         3
 Stone Arrow              Conj/Erth      8%         3d7       45%         3
 Summon Ice Beast         Ice/Summ       4%         N/A       45%         3
 Vhi's Electric Charge    Tloc/Air       30%        N/A       54%         4
 Brom's Barrelling Bould  Conj/Erth      4%         2d3       86%         4
 Freezing Cloud           Conj/Ice/Air   2%         6-21      99%         5
 Summon Mana Viper        Hex/Summ       4%         N/A       99%         5
 Starburst                Conj/Fire      2%         6d3       100%        6


Dungeon Overview and Level Annotations

Branches:
Dungeon (4/15)            Ossuary (visited)
 Temple: D:4-7

Altars:

Shops:
D:2 (

Annotations:
D:4 1 transporter, MadMike78's ghost, novice DrSh


Innate Abilities, Weirdness & Mutations

You are too large for most types of armour.
You have a pair of small horns on your head.
You have tough skin. (AC +1)
You gain doubled healing and magic from potions.
Whenever you drink a healing potion, you attack all around you.


Message History

You blink.
Throw: 4 darts (atropa)
Press: ? - help, Q - select action, (/) - cycle Shift-Dir - straight line, f - ogre, p - ogre
Aim: an ogre, wielding a +6 great mace (71% to hit, chance to blind on hit: 51%)
You throw an atropa-tipped dart. The atropa-tipped dart hits the ogre.
The ogre resists.
Throw: 3 darts (atropa)
Press: ? - help, Q - select action, (/) - cycle Shift-Dir - straight line, f/p - ogre
Aim: an ogre, wielding a +6 great mace (71% to hit, chance to blind on hit: 51%)
You throw an atropa-tipped dart.
The atropa-tipped dart barely misses the ogre.
Throw: 2 darts (atropa)
Press: ? - help, Q - select action, (/) - cycle Shift-Dir - straight line, f/p - ogre
Aim: an ogre, wielding a +6 great mace (71% to hit, chance to blind on hit: 51%)
You throw an atropa-tipped dart. The atropa-tipped dart hits the ogre.
The ogre resists.
You take a swig of the potion and twirl your +1 war axe of electrocution.
You closely miss the ogre.
You savour every drop.
You feel better. The ogre barely misses you.
It was a potion of enlightenment.
You feel very buoyant.
You fly up into the air.
MadMike78's ghost hits you.
It was a potion of degeneration.
There was something very wrong with that liquid.
You feel weakened.
You feel dopey.
You feel clumsy.
You feel ready to blink again.
The ogre hits you with a +6 great mace!!
MadMike78's ghost hits you but does no damage.
It was a potion of brilliance.
You feel clever all of a sudden. MadMike78's ghost closely misses you.
The ogre closely misses you. You block the ogre's attack.
It was a potion of resistance.
You feel protected. MadMike78's ghost hits you!
* * * LOW HITPOINT WARNING * * *
It was a potion of might.
You feel very mighty all of a sudden.
The ogre hits you with a +6 great mace!!
You die...

........)................##....##
##..................#†..###......
#..................#...#........
##.....#............#...#........
.....#..............#.....).....#
.....#..............#...........#
.....#..............#...[..##..##
.... #.....#############..###.###
... #.....#....@W.....#.## #....
...###.....#..##OO.##..#.####....
..........#.#..#(#..#.#..##.....
..........#.#..#(#..#.#.....####
.....##...#.(##.((##..#.........
..... #...#....$:(...©#.........
..... #...##############..#.....
.... ###......©.©.......##÷....
... ##................+.....


You could see 2 ogres and MadMike78's ghost.

Vanquished Creatures
  2 ogres (D:4)
  A centaur (D:4)
  3 elf zombies (Ossuary)
  A scorpion (D:4)
  6 centaur zombies (Ossuary)
  2 human zombies (Ossuary)
  3 bombardier beetles
  An orc wizard (D:4)
  Terence (D:2)
  3 mummies (Ossuary)
  A gnoll (D:1)
  An adder (D:2)
  2 dart slugs (D:1)
  2 ribbon worms (D:2)
  7 orcs
  7 bats
  4 endoplasms
  6 giant cockroaches
  9 goblins
  7 hobgoblins
  11 jackals
  5 kobolds
  3 quokkas
  9 ball pythons
  5 frilled lizards
  9 rats
111 creatures vanquished.

Vanquished Creatures (others)
  A jackal (D:3)
1 creature vanquished.

Grand Total: 112 creatures vanquished

Notes
Turn   | Place    | Note
-------+----------+-------------------------------------------
     0 | D:1      | Malificent the Oni Warper began the quest for the Orb.
     0 | D:1      | Reached XP level 1. HP: 22/22 MP: 3/3
   220 | D:1      | Reached XP level 2. HP: 29/29 MP: 5/5
   459 | D:1      | Reached XP level 3. HP: 32/36 MP: 7/7
   839 | D:1      | Learned a level 2 spell: Blink
  1030 | D:2      | Reached skill level 1 in Axes
  1142 | D:2      | Reached XP level 4. HP: 44/44 MP: 8/8
  1193 | D:2      | Found a faded altar of an unknown god.
  1376 | D:2      | Found Fufady's Weapon Emporium.
  1395 | D:2      | Bought 2 large rocks for 42 gold pieces
  1627 | D:3      | Noticed Terence
  1639 | D:2      | Killed Terence
  1653 | D:3      | Reached XP level 5. HP: 50/53 MP: 9/9
  1669 | D:3      | Got the Incunable of the Wild Flock
  1933 | D:3      | Became a worshipper of Beogh the Shepherd
  2105 | D:3      | Learned a level 4 spell: Manifold Assault
  2303 | D:4      | Noticed an ogre
  2308 | D:4      | Reached XP level 6. HP: 44/61 MP: 11/11
  2415 | D:4      | Reached skill level 1 in Invocations
  2523 | D:4      | Identified a scroll of acquirement
  2523 | D:4      | Acquired the +1 cloak "Godon" {rF+ Str+3}
  2583 | D:4      | Found a sand-covered staircase.
  2593 | Ossuary  | Entered an ossuary
  2594 | Ossuary  | Upgraded the game from 0.32-a0-571-gec57dfcd37 to
                  | 0.32-a0-576-g706899e69d
  2609 | Ossuary  | Reached * piety under Beogh
  2610 | Ossuary  | Reached XP level 7. HP: 60/67 MP: 12/12
  2715 | Ossuary  | Reached skill level 1 in Shields
  2855 | Ossuary  | Acquired 1159 gold pieces
  2898 | Ossuary  | Reached XP level 8. HP: 67/78 MP: 14/14
  3042 | D:4      | Found a transporter.
  3043 | D:4      | Noticed MadMike78's ghost (novice DrSh)
  3048 | D:4      | Found a transporter.
  3070 | D:4      | Mangled by an ogre

Illustrated notes

Levels and vault maps discovered:
D:1:      beargit_arrival_diablo_church, layout_basic,
          wad_floor_pattern_untrapped
D:2:      minmay_angry_zag, layout_rooms, serial_shops,
          nicolae_shop_bloodbath_and_beyond, shapermc_ecumenical_altar_acropolis
D:3:      layout_rooms, hex_intersection, uniq_terence
D:4:      layout_basic, worldfamousw_hep_ancestral_shrine,
          nicolae_ossuary_entry_false_entrances, gammafunk_ghost_smash

Skill      XL: |  1  2  3  4  5  6  7  8 |
---------------+-------------------------+-----
Translocations | 3 4 |  4.7
Spellcasting   | 3 4 |  4.3
Axes           | 1 2 3 4 |  4.7
Fighting       | 3 4 |  4.1
Dodging        | 3 |  3.2
Invocations    | 1 2 3 |  3.0
Throwing       | 2 |  2.6
Shields        | 1 |  1.5
Maces & Flails | |  2.1
Stealth        | |  0.5

Action                     |  1- 3 |  4- 6 |  7- 9 || total
---------------------------+-------+-------+-------++-------
  Melee: Mace              |    16 |       |       ||    16
         Headbutt          |     9 |    11 |    18 ||    38
         War axe           |    64 |   129 |    97 ||   290
  Throw: Large rock        |       |     2 |     2 ||     4
         Dart              |       |     1 |     5 ||     6
         Throwing net      |       |     1 |       ||     1
   Cast: Blink             |       |     1 |     2 ||     3
 Invoke: Convert to Beogh  |       |     1 |       ||     1
    Use: Scroll            |       |     9 |     2 ||    11
         Potion            |       |       |     6 ||     6
   Stab: Sleeping          |     1 |       |       ||     1
         Held in net/web   |       |     1 |       ||     1
 Armour: Robe              |    56 |    83 |   108 ||   247
  Dodge: Dodged            |    50 |    95 |    75 ||   220
  Block: Other             |       |    23 |    30 ||    53
         Reflection        |       |     2 |     1 ||     3

Table legend: (Time is in decaauts)
 A = Elapsed time spent in this place.
 B = Non-inter-level travel time spent in this place.
 C = Inter-level travel time spent in this place.
 D = Time resting spent in this place.
 E = Time spent auto-exploring this place.
 F = Levels seen in this place.
 G = Mean time per level.
                   A        B        C        D        E       F      G
               +--------+--------+--------+--------+--------+-----+--------+
         Total |   3179 |   3140 |     39 |    898 |   1113 |   5 |  635.8 |
       Dungeon |   2810 |   2771 |     39 |    727 |   1108 |   4 |  702.5 |
       Ossuary |    368 |    368 |      0 |    171 |      5 |   1 |  368.0 |
               +--------+--------+--------+--------+--------+-----+--------+

Top non-repeatable levels by time:
     D:1: 1029 daAuts
     D:3: 745 daAuts
     D:2: 651 daAuts
     D:4: 383 daAuts
 Ossuary: 368 daAuts
